Map: Orbital Shipyard

Players

RubiX

  • Race: Terran Terran
  • League: Diamond

LilDicky - Winner!

  • Race: Terran Terran
  • League: Diamond

VOD

http://www.twitch.tv/tumescentpie

Description

Time

  • Played on: Nov. 27, 2015, 1:08 a.m.
  • Length: 5:12
Show
View Real Time Build Order
Export as new Build Order

RubiX Terran 

Build Orders: Command Center First (CC) 

Get SALT Encoding   

  12  0:01  SCV  
  13  0:14  SCV  
  14  0:17  Supply Depot  
  14  0:26  SCV  
  15  0:39  SCV  
  16  0:51  SCV  
  17  1:01  Command Center  
  18  1:04  SCV  
  18  1:14  Barracks  
  18  1:20  Refinery  
  18  1:22  SCV  
  19  1:35  SCV  
  20  1:47  SCV  
  21  2:06  Reaper  
  22  2:12  Refinery  
  22  2:13  Refinery, Orbital Command  
  22  2:16  Orbital Command  
  22  2:40  SCV  
  23  2:47  Factory  
  23  2:50  Barracks Tech Lab  
  23  2:51  SCV  
  23  2:52  SCV  
  25  3:03  SCV  
  25  3:04  SCV  
  27  3:08  Refinery  
  27  3:15  SCV  
  27  3:17  SCV  
  29  3:27  SCV  
  29  3:29  SCV  
  31  3:35  Starport  
  31  3:36  Factory Tech Lab  
  31  3:37  Command Center  
  31  3:39  SCV  
  31  3:41  SCV  
  32  3:52  SCV  
  32  3:53  SCV  
  32  3:54  Siege Tank  
  37  4:05  SCV, Factory  
  38  4:10  Supply Depot  
  38  4:13  Supply Depot  
  38  4:31  SCV x2  
  38  4:36  Supply Depot, Siege Tank  
  46  4:39  Supply Depot  
  46  4:43  SCV x2  
  48  4:55  SCV  
Show
View Real Time Build Order
Export as new Build Order

LilDicky Terran - Winner!

Build Orders: Banshee Rush 

Get SALT Encoding   

  12  0:01  SCV  
  13  0:13  SCV  
  14  0:18  Supply Depot  
  14  0:25  SCV  
  15  0:30  Refinery  
  15  0:40  SCV  
  16  0:46  Barracks  
  16  0:52  SCV  
  17  1:04  SCV  
  18  1:16  SCV  
  19  1:28  SCV  
  20  1:40  Marine  
  20  1:42  Factory  
  20  1:43  Orbital Command  
  21  1:50  Supply Depot  
  21  1:59  Refinery  
  21  2:06  Marine  
  21  2:16  SCV  
  21  2:19  Refinery  
  22  2:24  Marine  
  22  2:27  Factory Tech Lab  
  23  2:32  SCV  
  24  2:40  Starport  
  24  2:43  Marine  
  25  2:46  SCV  
  26  2:54  Command Center  
  26  2:58  SCV  
  27  3:01  Marine  
  27  3:02  Widow Mine  
  30  3:10  SCV  
  31  3:22  SCV  
  31  3:26  Marine  
  33  3:27  Banshee  
  33  3:28  Cloaking Field  
  36  3:35  Supply Depot  
  36  3:43  Factory Tech Lab  
  36  3:44  SCV, Marine  
  38  3:48  Refinery  
  38  3:56  SCV  
  38  4:01  Supply Depot  
  38  4:02  Marine  
  40  4:09  Orbital Command  
  40  4:17  SCV  
  40  4:18  Refinery  
  41  4:26  Banshee  
  44  4:38  Siege Tank  
  44  4:40  SCV  
  48  4:57  SCV  
Tags
 
Add a new tag
Caveats
  • Supply blocks, unpowered buildings, or Contaminate may cause inaccurate times.
  • Supply counts are checked every 10 seconds.